 Dungeon Crawl Stone Soup version 0.24-a0-537-g2d01d4ab0a (webtiles) character file.

Game seed: 15400121738548270159

6 Amnesiac the Vexing (level 1, -2/10 HPs)
             Began as a Deep Elf Enchanter on Aug 12, 2019.
             Slain by a kobold
             ... wielding a +3 dagger of venom
              (3 damage)
             ... on level 3 of the Dungeon.
             The game lasted 00:00:36 (207 turns).

Amnesiac the Vexing (Deep Elf Enchanter)             Turns: 207, Time: 00:00:36

Health: -2/10      AC:  2    Str:  5    XL:     1   Next: 75%
Magic:  6/7        EV: 13    Int: 19    God:
Gold:   10         SH:  0    Dex: 15    Spells: 6/7 levels left

rFire    . . .     SeeInvis .   a - +1 dagger
rCold    . . .     Gourm    .   (no shield)
rNeg     . . .     Faith    .   b - +0 robe
rPois    .         Spirit   .   (no helmet)
rElec    .         Reflect  .   (no cloak)
rCorr    .         Harm     .   (no gloves)
MR       .....                  (no boots)
Stlth    +++.......             (no amulet)
HPRegen  0.03/turn              (no ring)
MPRegen  0.10/turn              (no ring)

@: lethally poisoned (-2 -> -22), flying
A: no striking features
a: no special abilities


You were on level 3 of the Dungeon.
You were not hungry.

You visited 1 branch of the dungeon, and saw 3 of its levels.

You collected 10 gold pieces.

Inventory:

Hand Weapons
 a - a +1 dagger (weapon)
Armour
 b - a +0 robe (worn)
Scrolls
 c - a scroll of enchant weapon {!r, unknown}
 f - a scroll of immolation {!r, unknown}
Comestibles
 d - a ration


   Skills:
 - Level 1.0 Short Blades
 - Level 2.4 Dodging
 + Level 3.8 Stealth
 * Level 3.5 Spellcasting
 - Level 4.0 Hexes


You had 6 spell levels left.
You knew the following spells:

 Your Spells              Type           Power        Failure   Level  Hunger
a - Corona                Hex            ###....      2%          1    None

Your spell library contained the following spells:

 Spells                   Type           Power        Failure   Level  Hunger
 Confuse                  Hex            ###.....     9%          3    ###....
 Tukima's Dance           Hex            ###.....     9%          3    ###....
 Ensorcelled Hibernation  Hex/Ice        ##....       10%         2    ##.....
 Dazzling Spray           Conj/Hex       ##....       19%         3    ###....


Dungeon Overview and Level Annotations

Branches:
Dungeon (3/15)

Altars:


Message History

Press: ? - help, Shift-Dir - straight line, f - kobold
Aim: a kobold (chance to defeat MR: 73%)
The kobold barely resists.
The kobold hits you.
Casting: Corona (safe; 2% risk of failure)
Confirm with . or Enter, or press ? or * to list all spells.
Aiming: Corona (safe; 2% risk of failure)
Press: ? - help, Shift-Dir - straight line, f/p - kobold
Aim: a kobold (chance to defeat MR: 73%)
The kobold is outlined in light.
The kobold hits you.
You barely miss the kobold. The kobold barely misses you.
You hit the kobold.
The kobold is severely wounded.
The kobold misses you.
You hit the kobold.
You kill the kobold!
e - a grey potion {!q} You see here a ring mail.
There is a stone staircase leading down here.
You start resting.
Magic restored.
You start resting.
Magic restored.
You start resting.
HP restored.
You start resting.
HP restored.
You climb downwards.
There is a stone staircase leading up here.
Found an escape hatch in the ceiling.
f - a scroll labeled UGEUNUIQETH {!r} A kobold comes into view.
A kobold comes into view. It is wielding a +3 dagger of venom.
The kobold shouts! x2
The kobold throws a stone.
The stone barely misses you.
Found 9 gold pieces and a moonstone ring.
You see here a stone.
Casting: Corona (safe; 2% risk of failure)
Confirm with . or Enter, or press ? or * to list all spells.
Aiming: Corona (safe; 2% risk of failure)
Press: ? - help, Shift-Dir - straight line, f - kobold
Aim: a kobold, wielding a +3 dagger of venom (chance to defeat MR: 73%)
The kobold is outlined in light.
You hit the kobold.
The kobold is moderately wounded.
The kobold hits you with a +3 dagger of venom.
You are lethally poisoned!
You barely miss the kobold.
The kobold is moderately wounded.
You feel sick.
A giant cockroach comes into view.
The kobold hits you with a +3 dagger of venom.
* * * LOW HITPOINT WARNING * * *
You are more poisoned.
* * * LOW HITPOINT WARNING * * *
You feel sick.
* * * LOW HITPOINT WARNING * * *
You feel sick.
Really quaff
e - a grey potion {!q}?
It was a potion of flight {!q}.
You feel very buoyant.
You fly up into the air.
* * * LOW HITPOINT WARNING * * *
You feel sick.
The kobold hits you with a +3 dagger of venom.
You die...

.... ##.#. .s...##
....... ......=
......$ .......######
.......K.K..#
.#.....###@.##########
.......
#...........#####
....###
#.########......# .##
####.#### #..###.#
#.......# #...##.#
#.......#####.#.##.#
#.......#.....<....#
#.......#.#####.####
#.......# #.#


You could see 2 kobolds.

Vanquished Creatures
  An ooze (D:2)
  A kobold (D:2)
  A rat (D:2)
3 creatures vanquished.

Notes
Turn   | Place    | Note
-------+----------+-------------------------------------------
     0 | D:1      | Amnesiac the Deep Elf Enchanter began the quest for the
                  | Orb.
     0 | D:1      | Reached XP level 1. HP: 10/10 MP: 6/6
   207 | D:3      | Slain by a kobold

Levels and vault maps discovered:
D:1:      psy_arrival_spokes, layout_rooms, minmay_cupped
D:2:      layout_basic, chequers_serial_rivers_micro_e, st_stairs_4,
          uniq_natasha
D:3:      layout_loops_cross, nicolae_overflow_quartered_altars

Action                   || total
-------------------------++-------
Melee: Dagger            ||     7
 Cast: Corona            ||     3
  Use: Potion            ||     1
 Stab: Sleeping          ||     2
Dodge: Dodged            ||     5

Table legend:
 A = Non-vault XP
 B = Vault XP
 C = Vault XP percentage of total XP
 D = Non-vault monster count
 E = Vault monster count
 F = Vault count percentage of total count
                 A         B        C        D         E       F
            +---------+---------+-------+---------+---------+-------
      Total |       0 |       9 | 100.0 |       0 |       3 | 100.0
            +---------+---------+-------+---------+---------+-------
        D:2 |       0 |       9 | 100.0 |       0 |       3 | 100.0
            +---------+---------+-------+---------+---------+-------
